 Dungeon Crawl Stone Soup version 0.29.1-12-g30fa7ad0bf (webtiles) character file.

Game seed: 15270845635345151696

4 MisterFreud the Ducker (level 1, 0/10 HPs)
             Began as a Felid Berserker on Jan 6, 2023.
             Was a Follower of Trog.
             Frozen to death by an endoplasm (2 damage)
             ... on level 1 of the Dungeon.
             The game lasted 00:00:16 (69 turns).

MisterFreud the Ducker (Felid Berserker)              Turns: 69, Time: 00:00:17

Health: 0/10       AC:  1    Str: 13    XL:     1   Next: 58%
Magic:  2/2        EV: 18    Int:  8    God:    Trog [*.....]
Gold:   0          SH:  0    Dex: 15    Spells: 0/0 levels left
                                        Lives:  0   Deaths: 0

rFire   . . .      SeeInvis +     - Unarmed
rCold   . . .      Faith    .   (shield unavailable)
rNeg    . . .      Spirit   .   (body armour unavailable)
rPois   .          Reflect  .   (helmet unavailable)
rElec   .          Harm     .   (cloak unavailable)
rCorr   .          Rampage  .   (gloves unavailable)
Will    .....                   (boots unavailable)
Stlth   ++........              (no amulet)
HPRegen 0.03/turn               (no ring)
MPRegen 0.08/turn               (no ring)

@: quick
A: very small, claws 1, fangs 3, see invisible, speed 1, shaggy fur 1, stealthy
paws, no weapons or thrown items, no armour, multi-lived
a: Renounce Religion, Berserk


You were on level 1 of the Dungeon.
You worshipped Trog.
Trog was aware of your devotion.
You visited 1 branch of the dungeon, and saw 1 of its levels.

You aren't carrying anything.


   Skills:
 - Level 3.0 Fighting
 - Level 4.0 Dodging
 + Level 1.2 Stealth
 + Level 3.1 Unarmed Combat


You couldn't memorise any spells.
You didn't know any spells.
Your spell library was empty.

Dungeon Overview and Level Annotations

Branches:
Dungeon (1/15)

Altars:


Innate Abilities, Weirdness & Mutations

You have sharp claws.
You have razor-sharp teeth.
You have supernaturally acute eyesight. (SInv)
You cover ground quickly. (Speed+)
You are covered in fur. (AC +1)
Your paws help you pounce on unaware monsters.
You are incapable of wielding weapons or throwing items.
You cannot wear armour.
You gain extra lives every three experience levels.


Message History

The bat misses you.
You closely miss the bat. The bat hits you.
A bat is nearby!
A gnoll comes into view. It is wielding a +0 flail.
The bat barely misses you.
There are monsters nearby!
You closely miss the bat. Your bite misses the bat. The bat closely misses you.
There are monsters nearby!
The bat closely misses you.
There are monsters nearby!
You scratch the bat.
You kill the bat!
Trog accepts your kill.
A gnoll is nearby!
Found 2 poisoned darts.
You see here a bat corpse.
A gnoll is nearby!
The gnoll shouts!
A gnoll is nearby!
A ball python comes into view.
A dart slug comes into view.
There are monsters nearby!
The ball python hisses angrily.
You scratch the gnoll.
The gnoll is lightly wounded.
The gnoll barely misses you.
You scratch the gnoll.
The gnoll is moderately wounded.
The gnoll hits you with a +0 flail.
Ouch! That really hurt!
* * * LOW HITPOINT WARNING * * *
There are monsters nearby!
You are too injured to fight recklessly!
You see here a bat corpse.
An endoplasm comes into view.
A kobold comes into view. It is wielding a +0 dagger.
A frilled lizard comes into view.
The kobold shouts!
The endoplasm freezes you.
You are frozen.
You die...

##.....## #.....l.#
#8.....8# . #..K....#
##.....##
..#.......#####.....##
#............#8.....8#
#...........##.....##
##...........##.....##
.............#8.....8#
#...@J..# ##.....##
#.......# ##.....##
#.......###8..)..8###
##.......###.....##..
#.......#...S.......
#######.gS.g....†...
########.##...
........ #.#....#.


You could see a gnoll, an endoplasm, a ball python, a kobold and a frilled
lizard.

Vanquished Creatures
  An endoplasm (D:1)
  A kobold (D:1)
  2 bats (D:1)
4 creatures vanquished.

Notes
Turn   | Place    | Note
-------+----------+-------------------------------------------
     0 | D:1      | MisterFreud the Felid Berserker began the quest for the
                  | Orb.
     0 | D:1      | Reached XP level 1. HP: 10/10 MP: 2/2
    42 | D:1      | Reached skill level 1 in Stealth
    69 | D:1      | Frozen to death by an endoplasm

Illustrated notes

Levels and vault maps discovered:
D:1:      psy_arrival_heroes, layout_basic, dilly_ecumenical_altar_fadedgnrine,
          nicolae_grassy_gnolls

Skill      XL: |  1 |
---------------+----+-----
Stealth        | 1 |  1.2
Fighting       | |  3.0
Dodging        | |  4.0
Unarmed Combat | |  3.1

Action                   || total
-------------------------++-------
Melee: Unarmed           ||    14
       Bite              ||     1
Armor: Skin              ||     2
Dodge: Dodged            ||    18
